 Dungeon Crawl Stone Soup version 0.31-a0-564-g3b7de120b3 (webtiles) character file.

Game seed: 1691863897421832170

2489 Fodor the Protected (level 9, -4/62 (79) HPs)
             Began as a Minotaur Fighter on Aug 17, 2023.
             Was an Initiate of Gozag.
             Constricted to death by Jeremiah (11 damage)
             ... on level 8 of the Dungeon.
             The game lasted 00:44:38 (7741 turns).

Fodor the Protected (Minotaur Fighter)              Turns: 7741, Time: 00:44:40

HP:   -4/62 (79)    AC: 20    Str: 25    XL:     9   Next: 27%
MP:   17/17         EV:  6    Int:  5    God:    Gozag
Gold: 1085          SH:  0    Dex: 10    Spells: 8/8 levels left

rFire   + . .        x - +2 scythe (vamp)
rCold   + . .        (shield currently unavailable)
rNeg    . . .        E - +3 chain mail
rPois   +            (helmet restricted)
rElec   +            G - +0 cloak
rCorr   +            r - +0 pair of gloves
SInv    .            (no boots)
Will    .....        (no amulet) Stlth
                     D - +4 ring of protection
HPRegen 0.30/turn    a - ring of magical power
MPRegen 0.15/turn

%: no passive effects
@: resistant, grasped by roots, constricted, heavily drained
A: horns 2, retaliatory headbutt
a: Renounce Religion, Potion Petition, Call Merchant, Bribe Branch


You were on level 8 of the Dungeon.
You worshipped Gozag.
Gozag was most pleased with you.
You visited 1 branch of the dungeon, and saw 8 of its levels.
You also visited: Sewer.

You collected 1164 gold pieces.
You paid 79 gold pieces to Gozag.

Inventory:

Hand Weapons
 x - a +2 vampiric scythe (weapon)
 z - a +0 orcbow
 C - a +0 war axe
Missiles
 l - 18 poisoned darts
Armour
 c - a +0 buckler
 r - a +0 pair of gloves (worn)
 E - a +3 chain mail (worn)
 G - a +0 cloak (worn)
Jewellery
 a - a ring of magical power (right hand)
 h - a ring of protection from fire
 k - a ring of wizardry
 D - a +4 ring of protection (left hand)
Talismans
 i - a beast talisman
 F - a serpent talisman
Scrolls
 e - a scroll of blinking {unknown}
 f - 2 scrolls of identify
 g - a scroll of immolation {unknown}
 m - 2 scrolls of revelation
 n - a scroll of acquirement {unknown}
 p - a scroll of amnesia
 q - 2 scrolls of summoning
 v - 4 scrolls of fear
 w - 4 scrolls of teleportation
 y - 3 scrolls of vulnerability
Potions
 b - 5 potions of curing {unknown}
 d - 3 potions of might
 j - a potion of attraction {unknown}
 o - a potion of degeneration {unknown}
 s - a potion of resistance
 t - a potion of cancellation {unknown}
 u - 2 potions of heal wounds
 A - a potion of enlightenment {unknown}
 B - 2 potions of mutation {unknown}
 H - a potion of lignification {unknown}


   Skills:
 + Level 7.2 Fighting
 + Level 6.8 Long Blades
 + Level 8.1 Polearms
 + Level 8.5 Armour
 + Level 1.4 Dodging
 + Level 1.1 Stealth
 + Level 5.0 Shields


You had 8 spell levels left.
You didn't know any spells.
Your spell library contained the following spells:

 Spells                   Type           Power      Damage    Failure   Level
 Magic Dart               Conj           0%         1d3       93%         1
 Call Imp                 Summ           0%         N/A       98%         2
 Hailstorm                Conj/Ice       0%         3d3       100%        3
 Mephitic Cloud           Conj/Pois/Air  0%         N/A       100%        3
 Summon Ice Beast         Ice/Summ       0%         N/A       100%        4
 Simulacrum               Ice/Necr       Unusable   N/A       N/A         6

Dungeon Overview and Level Annotations

Branches:
Dungeon (8/15)             Temple (0/1) D:6           Sewer (visited)
   Lair: D:8-11

Altars:
Ashenzari
Dithmenos
Elyvilon
Gozag
Hepliaklqana
Kikubaaqudgha
Makhleb
Nemelex Xobeh
Qazlal
Trog
Uskayaw
Zin

Annotations:
D:6 1 runed translucent door, ytrimaz's ghost, novice OpSh
D:8 Jeremiah


Innate Abilities, Weirdness & Mutations

You have a pair of horns on your head.
You reflexively headbutt those who attack you in melee.


Message History

Jeremiah zaps a wand.
The roots erupt in riotous growth!
The butterfly is unaffected.
Jeremiah is unaffected.
The butterfly is unaffected. x2
The grasping roots grab you! The grasping roots constrict you.
You barely miss the butterfly.
You headbutt the butterfly, but do no damage.
The butterfly disappears in a burst of colours!
Jeremiah hits you from afar with a +2 glaive of draining.
You feel drained. The grasping roots constrict you.
You escape the roots grasp.
The butterfly disappears in a burst of colours!
Jeremiah hits you but does no damage.
You feel drained.
The butterfly disappears in a burst of colours! x2
Jeremiah throws their arms up pleadingly.
Something smites you!
* * * LOW HITPOINT WARNING * * *
You slash the butterfly!
You kill the butterfly!
The butterfly disappears in a burst of colours! x2
Jeremiah closely misses you.
Jeremiah zaps a wand.
The roots erupt in riotous growth!
The butterfly is unaffected. x4
Jeremiah is unaffected.
The grasping roots grab you! The grasping roots constrict you.
You miss the butterfly. Your headbutt misses the butterfly.
The butterfly disappears in a burst of colours! x4
Jeremiah hits you from afar with a +2 glaive of draining.
* * * LOW HITPOINT WARNING * * *
You feel drained. The grasping roots constrict you.
The grasping roots release their grip on you.
You hit the butterfly.
You kill the butterfly!
The butterfly disappears in a burst of colours! x2
Jeremiah zaps a wand.
The roots erupt in riotous growth!
The butterfly is unaffected. x4; Jeremiah is unaffected.
The grasping roots grab you! The grasping roots constrict you!
You die...
Your body crumbles into a pile of gold.

.......#####+#.........
.......#####...........
............##########'
...........###........
#..b.......#........ ..
#.bbb......#........
..#######.bF)..bb..#........
........b.bbb...b###........
.......b...@.....# #........
#......b..b......# #........
+......b.###...### #........
#.......[###...############+
#........b.....$$b..........
#........##########...b..##.
#.........# ..........bb.##.
#..........#.#####....b..##.
#..........# #...........+..


You could see Jeremiah.

Vanquished Creatures
  Sigmund (D:5)
  A water moccasin (D:7)
  Duvessa (D:6)
  2 sky beasts (D:6)
  Pargi (Sewer)
  3 black bears
  An ice beast (D:8)
  An ogre (D:5)
  3 centaurs
  A bullfrog (D:7)
  A gnoll sergeant (D:8)
  3 scorpions
  Dowan (D:6)
  A howler monkey (D:5)
  4 hounds
  A gnoll bouda (D:8)
  2 orc priests
  A sleepcap (D:7)
  2 iguanas
  3 orc wizards (D:7)
  12 gnolls
  2 river rats (D:4)
  8 adders
  2 shadow imps
  2 white imps
  An ufetubus (D:6)
  5 worms
  2 dart slugs
  27 orcs
  9 ball pythons
  2 bat zombies (D:4)
  5 endoplasms
  4 giant cockroaches
  8 goblins
  8 hobgoblins
  10 jackals
  4 quokkas
  8 bats
  9 frilled lizards
  10 kobolds
  14 rats
  A rat zombie (D:4)
187 creatures vanquished.

Notes
Turn   | Place    | Note
-------+----------+-------------------------------------------
     0 | D:1      | Fodor the Minotaur Fighter began the quest for the Orb.
     0 | D:1      | Reached XP level 1. HP: 19/19 MP: 0/0
   421 | D:1      | Reached XP level 2. HP: 27/27 MP: 1/1
   650 | D:1      | Reached XP level 3. HP: 33/33 MP: 2/2
  1142 | D:2      | Reached XP level 4. HP: 41/41 MP: 3/3
  1708 | D:3      | Found a stormy altar of Qazlal.
  2008 | D:3      | Found a faded altar of an unknown god.
  2419 | D:4      | Reached XP level 5. HP: 47/47 MP: 4/4
  2420 | D:4      | Found a broken altar of Ashenzari.
  2566 | D:4      | Found a glowing drain.
  2697 | Sewer    | Entered a sewer
  2713 | Sewer    | Noticed Pargi
  2739 | Sewer    | Killed Pargi
  2740 | Sewer    | Reached skill level 5 in Long Blades
  2740 | Sewer    | Reached skill level 5 in Armour
  2909 | Sewer    | Reached XP level 6. HP: 38/55 MP: 5/5
  3071 | D:4      | Found a burning altar of Makhleb.
  3075 | D:4      | Noticed a balrug
  3076 | D:4      | Found a glowing silver altar of Zin.
  3076 | D:4      | Noticed an angel
  3095 | D:4      | Found a bloodstained altar of Trog.
  3182 | D:4      | Found a sparkling altar of Nemelex Xobeh.
  3251 | D:4      | Found an opulent altar of Gozag.
  3257 | D:4      | Became a worshipper of Gozag Ym Sagoz the Greedy
  3409 | D:4      | Found a white marble altar of Elyvilon.
  3663 | D:4      | Found an ancient bone altar of Kikubaaqudgha.
  3761 | D:5      | Entered Level 5 of the Dungeon
  3806 | D:5      | Noticed Sigmund
  3820 | D:5      | Killed Sigmund
  3821 | D:5      | Reached skill level 5 in Fighting
  3981 | D:5      | Reached XP level 7. HP: 61/61 MP: 6/6
  4183 | D:5      | Reached skill level 1 in Polearms
  4183 | D:5      | Reached skill level 1 in Dodging
  4376 | D:5      | Reached skill level 5 in Shields
  4691 | D:6      | Reached XP level 8. HP: 65/70 MP: 7/7
  4696 | D:6      | Found a staircase to the Ecumenical Temple.
  4698 | D:6      | Noticed Duvessa
  4698 | D:6      | Noticed Dowan
  4725 | D:6      | Killed Duvessa
  4729 | D:6      | Killed Dowan
  5009 | D:6      | You fall into a shaft and drop 1 floor!
  5009 | D:7      | Found a hazy altar of Hepliaklqana.
  5208 | D:6      | Found a runed translucent door.
  5270 | D:6      | Noticed ytrimaz's ghost (novice OpSh)
  5469 | D:6      | Reached skill level 5 in Polearms
  6426 | D:7      | Found a shadowy altar of Dithmenos.
  6618 | D:7      | Reached XP level 9. HP: 79/79 MP: 8/8
  6800 | D:7      | Found a hide-covered altar of Uskayaw.
  7644 | D:8      | Noticed Jeremiah
  7648 | D:8      | Reached skill level 1 in Stealth
  7741 | D:8      | Constricted to death by Jeremiah

Illustrated notes

Levels and vault maps discovered:
D:1:      nzn_arrival_settlement, layout_rooms, minmay_strange_pillars,
          minmay_pentomino_r4
D:2:      layout_rooms, nicolae_hexahallways, chequers_serial_rivers_micro_d,
          nicolae_underground_beach
D:3:      layout_basic, nicolae_qazlal_general_emergency,
          ebering_ecumenical_altar_abandoned, st_stairs_14, glass_columns_a,
          nrook_loot_triangle, hex_tiny
D:4:      layout_loops_cross, grunt_temple_overflow_order_and_chaos_2,
          nicolae_gozag_cash_rules_everything_around_me, general_overflow_altar,
          mainiacjoe_overflow_alcove_1, evilmike_ruin_ashenzari,
          nemelex_diamond_rough_becter, lemuel_zombie_altar_kikubaaqudgha,
          portal_sewer_entry_e
D:5:      layout_loops_cross, hangedman_decor_points,
          kennysheep_generic_room_13, uniq_sigmund
D:6:      layout_loops_corners, minmay_temple_entry_mini_moons,
          ebering_ghost_sewer_d, amethyst_killhole, uniq_duvessa
D:7:      layout_basic, lemuel_tele_altar,
          nicolae_uskayaw_murder_on_the_dancefloor, amcnicky_altar_gilded
D:8:      layout_basic, serial_shops, kennysheep_little_box, uniq_jeremiah

Skill      XL: |  1  2  3  4  5  6  7  8  9 |
---------------+----------------------------+-----
Armour         | 4 5 6 8 |  8.5
Long Blades    | 3 4 5 6 |  6.8
Fighting       | 4 5 6 7 |  7.2
Shields        | 4 5 |  5.0
Polearms       | 3 7 8 |  8.1
Dodging        | 1 |  1.4
Stealth        | 1 |  1.1

Action                     |  1- 3 |  4- 6 |  7- 9 || total
---------------------------+-------+-------+-------++-------
  Melee: Long sword        |    98 |   219 |       ||   317
         Headbutt          |     8 |    31 |    29 ||    68
         Halberd           |       |     5 |   228 ||   233
    Use: Scroll            |       |       |     6 ||     6
         Potion            |       |       |     3 ||     3
 Armour: Scale mail        |    39 |       |       ||    39
         Plate armour      |    48 |   209 |   134 ||   391
         Chain mail        |       |       |    69 ||    69
  Dodge: Dodged            |    56 |    84 |   112 ||   252
  Block: Buckler           |    21 |    57 |       ||    78

Table legend: (Time is in decaauts)
 A = Elapsed time spent in this place.
 B = Non-inter-level travel time spent in this place.
 C = Inter-level travel time spent in this place.
 D = Time resting spent in this place.
 E = Time spent auto-exploring this place.
 F = Levels seen in this place.
 G = Mean time per level.
                   A        B        C        D        E       F      G
               +--------+--------+--------+--------+--------+-----+--------+
         Total |   7904 |   7563 |    341 |    918 |      0 |   9 |  878.2 |
       Dungeon |   7558 |   7217 |    341 |    751 |      0 |   8 |  944.8 |
         Sewer |    345 |    345 |      0 |    167 |      0 |   1 |  345.0 |
               +--------+--------+--------+--------+--------+-----+--------+

Top non-repeatable levels by time:
     D:6: 1415 daAuts
     D:7: 1255 daAuts
     D:4: 1201 daAuts
     D:5: 921 daAuts
     D:2: 817 daAuts
     D:3: 764 daAuts
     D:1: 736 daAuts
     D:8: 445 daAuts
   Sewer: 345 daAuts
